 Dungeon Crawl Stone Soup version 0.17-a0-2108-g65e8068 (webtiles) character file.

466 Kromin the Cleaver (level 6, -1/51 HPs)
             Began as a Minotaur Berserker on Oct 19, 2015.
             Was a Priest of Trog.
             Killed from afar by a decayed bog body (12 damage)
             ... with a puff of frost
             ... in an ossuary.
             The game lasted 00:07:16 (2191 turns).

Kromin the Cleaver (Minotaur Berserker)             Turns: 2191, Time: 00:07:17

Health: -1/51      AC:  8    Str: 23    XL:     6   Next: 81%
Magic:  5/5        EV:  8    Int:  4    God:    Trog [***...]
Gold:   181        SH:  0    Dex: 10    Spells: 0 memorised, 5 levels left

rFire  . . .     SeeInvis .     a - +0 hand axe
rCold  . . .     Clarity  .     n - +0 chain mail
rNeg   . . .     SustAt   .     (no shield)
rPois  .         Gourm    .     (helmet restricted)
rElec  .         Spirit   .     (no cloak)
rCorr  .         Warding  .     (no gloves)
rMut   .         Stasis   .     (no boots)
MR     .....                    d - amulet of faith
Stlth  ..........               (no ring)
                                (no ring)

@: slowed, very slow, not resistant to hostile enchantments, extremely
unstealthy
A: retaliatory headbutt, horns 2
a: Berserk, Trog's Hand, Burn Spellbooks, Renounce Religion


You were in an ossuary.
You worshipped Trog.
Trog was most pleased with you.
You were not hungry.

You visited 1 branch of the dungeon, and saw 4 of its levels.
You also visited: Ossuary.

You collected 181 gold pieces.

Inventory:

Hand Weapons
 a - a +0 hand axe (weapon)
Armour
 b - a +0 animal skin
 i - a +0 ring mail
 n - a +0 chain mail (worn)
Jewellery
 d - an amulet of faith (around neck)
 g - an uncursed ring of teleportation
 k - an uncursed amulet of guardian spirit
Scrolls
 e - 5 scrolls of identify
 m - a scroll of blinking
 o - a scroll of teleportation {unknown}
Potions
 h - 3 potions of agility
 j - a potion of lignification
 p - a potion of curing {unknown}
 q - a potion of heal wounds {unknown}
Comestibles
 c - 3 bread rations
 f - 3 meat rations
 l - a royal jelly


   Skills:
 - Level 3.6 Fighting
 + Level 9.3 Axes
 - Level 2.4 Armour
 - Level 2.1 Dodging


You had 5 spell levels left.
You didn't know any spells.

Dungeon Overview and Level Annotations

Branches:
Dungeon (4/15)
 Temple: D:4-7

Altars:
Gozag
Trog

Shops:
D:4 :


Innate Abilities, Weirdness & Mutations

You reflexively headbutt those who attack you in melee.
You have a pair of horns on your head.


Message History

The decayed bog body completely misses you.
Your unstable footing causes you to fumble your attack.
The decayed bog body points at you and mumbles some strange words.
You resist with some effort.
Your unstable footing causes you to fumble your attack.
The decayed bog body gestures at you while chanting.
You feel yourself slow down.
Your unstable footing causes you to fumble your attack.
The decayed bog body hits you!! The decayed bog body touches you.
The decayed bog body freezes you.
You slash the decayed bog body! You headbutt the decayed bog body.
You destroy the decayed bog body!
Trog appreciates your killing of a magic user.
A decayed bog body comes into view.
The decayed bog body gestures at you while chanting.
The puff of frost hits you!
* * * LOW HITPOINT WARNING * * *
The decayed bog body casts a spell at you.
The puff of frost hits you!
You die...

+.# #≈# #.# #≈# .#
≈≈ +.+ +.≈ ≈' ≈
#.#####.# ≈# ≈ #
+.#..∩#.# ≈+P#≈#
#.'.∩.#.# ≈#≈≈#
+.#...#.# ≈.P#
#.#####.#####n≈≈#≈#
+..........≈@≈..≈#
#+#'#'#'#≈#.≈.≈≈##
#.#.#.#P#.≈P≈##
##########≈### ###


You could see a decayed bog body.

Vanquished Creatures
  Sigmund (D:3)
  A bog body (Ossuary)
  A crimson imp (D:4)
  A giant frog zombie (Ossuary)
  Natasha (twice) (D:3)
  A mummy (Ossuary)
  2 worker ant zombies (Ossuary)
  5 adders
  An ooze (D:2)
  3 worms
  11 orcs
  6 giant cockroaches
  7 hobgoblins
  6 jackals
  3 quokkas
  A ball python (D:2)
  5 bats
  2 giant geckos
  A giant newt (D:3)
  7 goblins
  7 kobolds
  3 rats
77 creatures vanquished.

Notes
Turn   | Place    | Note
--------------------------------------------------------------
     0 | D:1      | Kromin the Minotaur Berserker began the quest for the Orb.
     0 | D:1      | Reached XP level 1. HP: 19/19 MP: 0/0
   195 | D:1      | Reached skill level 4 in Axes
   359 | D:1      | Reached XP level 2. HP: 24/26 MP: 1/1
   537 | D:1      | You fall through a shaft!
   607 | D:2      | Found an opulent altar of Gozag.
   680 | D:2      | Reached skill level 5 in Axes
   967 | D:2      | Reached XP level 3. HP: 29/31 MP: 2/2
  1007 | D:2      | Reached ** piety under Trog
  1177 | D:2      | Found a bloodstained altar of Trog.
  1451 | D:3      | Reached XP level 4. HP: 32/39 MP: 3/3
  1483 | D:3      | Reached skill level 6 in Axes
  1551 | D:3      | Noticed Natasha
  1563 | D:3      | Killed Natasha
  1615 | D:3      | Noticed Sigmund
  1620 | D:3      | Killed Sigmund
  1620 | D:3      | Reached skill level 8 in Axes
  1620 | D:3      | Reached XP level 5. HP: 28/45 MP: 4/4
  1620 | D:3      | Reached XP level 6. HP: 31/51 MP: 5/5
  1930 | D:3      | Noticed Natasha
  1935 | D:3      | Killed Natasha
  2078 | D:4      | Found Gorocko's Book Boutique.
  2085 | D:4      | Reached *** piety under Trog
  2126 | D:4      | Found a sand-covered staircase.
  2131 | Ossuary  | Entered an ossuary
  2156 | Ossuary  | Reached skill level 9 in Axes
  2191 | Ossuary  | Killed from afar by a decayed bog body

Vault maps used:
D:1:      minmay_arrival_arboretum_small
D:2:      kennysheep_six_static_rooms, nicolae_overflow_crystal_walls,
          first_bread, trog_hazing_becter
D:3:      uniq_sigmund, uniq_natasha
D:4:      serial_shops, kennysheep_mini_moat,
          nicolae_shop_competitors_out_of_business, nicolae_shop_crystal, shop,
          shop_statue, enter_ossuary_2
Ossuary:  ossuary_zaba_flooded

Action                   |  1- 3 |  4- 6 || total
-------------------------+-------+-------++-------
Melee: Hand axe          |    82 |   134 ||   216
  Use: Scroll            |     4 |     1 ||     5
  Eat: Chunk             |     2 |     1 ||     3
       Bread ration      |       |     1 ||     1
